 Dungeon Crawl Stone Soup version 0.19.0-24-gb05acd6 (webtiles) character file.

32303 Banto the Carver (level 13, 0/99 HPs)
             Began as a High Elf Skald on Nov 23, 2016.
             Was the Champion of Okawaru.
             Slain by an eight-headed hydra (5 damage)
             ... on level 5 of the Lair of Beasts.
             The game lasted 00:36:40 (19680 turns).

Banto the Carver (High Elf Skald)                  Turns: 19680, Time: 00:36:41

Health: 0/99       AC:  9    Str:  9    XL:     13   Next: 30%
Magic:  1/15       EV: 23    Int: 23    God:    Okawaru [******]
Gold:   460        SH:  8    Dex: 20    Spells: 6 memorised, 4 levels left

rFire  . . .     SeeInvis .     o - +2 dagger (venom)
rCold  . . .     Gourm    .     G - +0 troll leather armour
rNeg   . . .     Faith    .     N - +2 buckler {AC+3}
rPois  .         Spirit   .     (no helmet)
rElec  .         Reflect  .     W - +0 cloak
rCorr  .         Harm     .     (no gloves)
MR     ++...                    u - +0 pair of boots
Stlth  ++........               Y - amulet of regeneration
                                L - +6 ring of intelligence
                                a - ring of protection from magic

@: infused, very slightly contaminated
A: hooves 1, blurry vision 1, low mp 1, sense surroundings 1, weak 1
a: Heroism, Finesse, Renounce Religion


You were on level 5 of the Lair of Beasts.
You worshipped Okawaru.
Okawaru was exalted by your worship.
You were hungry.

You visited 3 branches of the dungeon, and saw 17 of its levels.

You collected 1026 gold pieces.
You spent 566 gold pieces at shops.

Inventory:

Hand Weapons
 o - a +2 dagger of venom (weapon)
 v - a +1 scimitar of venom
Missiles
 w - 7 curare-tipped needles
Armour
 b - a +1 robe of magic resistance
 u - a +0 pair of boots (worn)
 y - a +1 robe of fire resistance
 G - a +0 troll leather armour (worn)
 N - a +2 buckler of protection (worn)
 W - a +0 cloak (worn)
Jewellery
 a - a ring of protection from magic (left hand)
 m - an uncursed ring of positive energy
 C - the amulet "Usif" {Reflect SH+3 Stlth+}
   (You bought it in a shop on level 9 of the Dungeon)

   [amulet of reflection]

   It shields you and reflects attacks.
   It affects your SH (+3).
   It makes you more stealthy.
 F - an uncursed ring of ice
 L - a +6 ring of intelligence (right hand)
 O - an uncursed ring of wizardry
 Y - an amulet of regeneration (around neck)
Wands
 j - a wand of flame (24/48)
 J - a wand of iceblast (5/15)
 K - a wand of digging (2/24)
 P - a wand of iceblast (8/15)
 V - a wand of disintegration (15/24)
Scrolls
 e - 5 scrolls of remove curse
 k - a scroll of recharging
 l - 2 scrolls of teleportation
 n - 3 scrolls of amnesia
 s - a scroll of silence {unknown}
 A - 2 scrolls of identify
 Q - 2 scrolls of enchant weapon
 R - 4 scrolls of enchant armour
Potions
 f - 2 potions of berserk rage
 p - 2 potions of invisibility
 q - 2 potions of heal wounds
 r - 2 potions of cancellation
 x - a potion of might
 z - 2 potions of haste
 B - 3 potions of lignification
 D - 6 potions of agility
 H - a potion of beneficial mutation
 S - 2 potions of curing
 T - a potion of flight
 U - a potion of resistance
 Z - a potion of brilliance
Miscellaneous
 E - a lamp of fire (inert)
 M - a phantom mirror
Comestibles
 c - 27 fruits
 d - 9 bread rations
 g - 9 meat rations
 h - 14 royal jellies
 i - 13 slices of pizza
 t - 2 beef jerkies


   Skills:
 - Level 13.0 Fighting
 - Level 14.0 Long Blades
 - Level 0.8 Armour
 - Level 14.0 Dodging
 - Level 4.1 Shields
 - Level 2.4 Spellcasting
 + Level 2.4 Hexes
 - Level 3.6 Charms
 + Level 3.0 Invocations


You had 4 spell levels left.
You knew the following spells:

 Your Spells              Type           Power        Failure   Level  Hunger
a - Infusion              Chrm           ###.         4%          1    None
b - Song of Slaying       Chrm           ###.....     8%          2    ##.....
c - Shroud of Golubria    Chrm/Tloc      ##........   14%         2    ##.....
d - Spectral Weapon       Hex/Chrm       ###.....     17%         3    ###....
e - Repel Missiles        Chrm/Air       ##....       14%         2    ##.....
f - Swiftness             Chrm/Air       ##......     14%         2    ##.....


Dungeon Overview and Level Annotations

Branches:
Dungeon (11/15)            Temple (1/1) D:7            Lair (5/6) D:10
 Shoals (0/4) Lair:3        Snake (0/4) Lair:3          Orc (0/2) D:10
  Slime: Lair:5-6

Altars:
Ashenzari
Cheibriados
Dithmenos
Elyvilon
Fedhas
Gozag
Hepliaklqana
Kikubaaqudgha
Makhleb
Nemelex Xobeh
Okawaru
Qazlal
Ru
Sif Muna
Trog
Uskayaw
Vehumet
Xom
Yredelemnul
Zin
The Shining One

Shops:
D:8 :   D:9 ?(*   D:10 *

Annotations:
Lair:1 exclusion: hydra, Sonja


Innate Abilities, Weirdness & Mutations

You have large cloven feet.
Scrolls take you a little longer to read.
Your magical capacity is low. (-10% MP)
You passively map a small area around you.
You are weak. (Str -2)


Message History

Your spectral weapon hits the eight-headed hydra.
The eight-headed hydra bites you but does no damage.
The eight-headed hydra misses you. The eight-headed hydra bites you!
The eight-headed hydra misses you. The eight-headed hydra bites you!
* * * LOW HITPOINT WARNING * * *
The eight-headed hydra bites you but does no damage.
The eight-headed hydra misses you. x2
You take 18 damage, and have 26/99 hp.
You hit the eight-headed hydra.
The eight-headed hydra is almost dead.
Your spectral weapon barely misses the eight-headed hydra.
You block the eight-headed hydra's attack.
The eight-headed hydra closely misses you.
The eight-headed hydra bites you!
* * * LOW HITPOINT WARNING * * *
The eight-headed hydra bites you!
* * * LOW HITPOINT WARNING * * *
You block the eight-headed hydra's attack. x2
The eight-headed hydra misses you. The eight-headed hydra bites you.
You die...

,, ....(...†....... , ,
,...........$.... ,
........<....... ,
............<... , ,
###.#....#####.# ,
########.###### , ,
.##.#..#P.#.#PP.###.., ,,
,, ...$....(.....P.....#
, .......D@..........#
####
..................####...
,
##.....P.#.###.#..###..P.
** #....####....
#...##.....
#....,,....##......#.P.PP
, .... ...... ....##...P<
, ..., ?.......
,...##...PP , ...
......... ..##..... * , ,
,, ##.P..


You could see an eight-headed hydra and a friendly spectral dagger of venom.

Vanquished Creatures
  Fannar (Lair:3)
  3 hydras
  The ghost of Leibowitz the Covert, a novice DgEn (D:10)
  5 death yaks
  Urug (Lair:3)
  A fire crab (Lair:5)
  A hill giant (D:11)
  6 elephants
  2 black mambas
  Psyche (D:9)
  6 spiny frogs
  A centaur skeleton (D:8)
  6 komodo dragons
  3 trolls
  A two-headed ogre (D:9)
  4 blink frogs (Lair:1)
  6 hippogriffs
  4 wyverns
  A wraith (D:10)
  A centaur simulacrum (D:10)
  24 yaks
  4 hogs (D:7)
  Grum (D:9)
  Sigmund (D:3)
  A human (D:7)
  4 basilisks
  A soldier ant (D:11)
  2 nagas (Lair:3)
  2 porcupines
  6 water moccasins
  A swamp drake (D:10)
  7 orc warriors
  4 ice beasts
  2 phantoms
  An eye of draining (D:7)
  5 sky beasts
  A necrophage (D:11)
  4 ogres
  3 centaurs
  7 crocodiles
  5 wolves
  10 bullfrogs
  A big kobold (D:9)
  Blork the orc (D:4)
  A wyvern zombie (D:7)
  A water moccasin zombie (D:6)
  A wyvern skeleton (D:8)
  2 scorpions
  30 killer bees
  3 wights (D:9)
  An electric eel (Lair:2)
  6 crimson imps
  A howler monkey (D:5)
  A quasit (D:5)
  A bullfrog zombie (D:7)
  8 orc priests
  4 hounds
  3 jellies
  12 orc wizards
  6 iguanas
  12 worker ants
  2 hound zombies
  A howler monkey zombie (D:8)
  A worker ant zombie (D:8)
  3 gnolls (D:3)
  14 adders
  7 shadow imps
  3 oozes
  2 adder skeletons
  2 adder zombies
  5 worms
  4 dart slugs
  6 leopard geckos
  57 orcs
  A ball python (D:3)
  9 bats
  7 giant cockroaches
  15 goblins
  11 hobgoblins
  8 jackals
  9 kobolds
  8 quokkas
  10 frilled lizards
  A quokka skeleton (D:4)
  11 rats
443 creatures vanquished.

Vanquished Creatures (collateral kills)
  A queen bee (Lair:2)
1 creature vanquished.

Vanquished Creatures (others)
  An orc wizard (D:10)
  An orc (D:10)
  6 fungi (Lair:2)
  10 plants
  23 spectral weapons
41 creatures vanquished.

Grand Total: 485 creatures vanquished

Notes
Turn   | Place    | Note
-------+----------+-------------------------------------------
     0 | D:1      | Banto the High Elf Skald began the quest for the Orb.
     0 | D:1      | Reached XP level 1. HP: 14/14 MP: 4/4
   160 | D:1      | Reached XP level 2. HP: 11/19 MP: 0/6
   579 | D:1      | Reached XP level 3. HP: 23/24 MP: 3/7
  1166 | D:1      | Learned a level 2 spell: Song of Slaying
  1169 | D:1      | Learned a level 2 spell: Shroud of Golubria
  1807 | D:2      | Reached XP level 4. HP: 18/29 MP: 8/8
  2940 | D:3      | Reached skill level 5 in Long Blades
  2940 | D:3      | Reached XP level 5. HP: 17/34 MP: 5/9
  3486 | D:3      | Noticed Sigmund
  3509 | D:3      | Killed Sigmund
  3509 | D:3      | Reached XP level 6. HP: 29/39 MP: 6/10
  3752 | D:3      | Reached skill level 5 in Dodging
  3985 | D:2      | Learned a level 3 spell: Spectral Weapon
  4217 | D:3      | Reached XP level 7. HP: 25/45 MP: 6/11
  5293 | D:4      | Noticed Blork the orc
  5304 | D:4      | Killed Blork the orc
  5848 | D:5      | Entered Level 5 of the Dungeon
  6074 | D:5      | Gained mutation: Scrolls take you a little longer to read. [mutagenic meat]
  6164 | D:5      | Reached XP level 8. HP: 27/50 MP: 10/12
  6874 | D:6      | Gained mutation: You have large cloven feet. [mutagenic meat]
  6876 | D:6      | Gained mutation: You passively map a small area around you. [mutagenic meat]
  6877 | D:6      | Gained mutation: You are weak. (Str -2) [mutagenic meat]
  6878 | D:6      | Gained mutation: Your magical capacity is low. (-10% MP) [mutagenic meat]
  6879 | D:6      | Gained mutation: You are dopey. (Int -2) [mutagenic meat]
  7785 | D:7      | Reached skill level 10 in Long Blades
  7837 | D:7      | Reached XP level 9. HP: 28/54 MP: 7/12
  8169 | D:6      | Reached skill level 10 in Dodging
  8591 | D:7      | Found a hazy altar of Hepliaklqana.
  9189 | D:7      | Found a staircase to the Ecumenical Temple.
  9194 | Temple   | Entered the Ecumenical Temple
  9415 | D:8      | Found a burning altar of Makhleb.
  9887 | D:8      | Found a blossoming altar of Fedhas.
  9931 | D:8      | Found Nauxo's Book Boutique.
  9973 | D:8      | Reached XP level 10. HP: 57/60 MP: 7/13
  9980 | D:8      | Found an iron altar of Okawaru.
  9999 | D:8      | Became a worshipper of Warmaster Okawaru
 10804 | D:8      | Reached * piety under Okawaru
 11222 | D:9      | Noticed Psyche
 11231 | D:9      | Killed Psyche
 11325 | D:9      | Found Wiesihou's Assorted Antiques.
 11334 | D:9      | Bought a cabochon ring for 175 gold pieces
 11334 | D:9      | Bought a wavering brass amulet for 175 gold pieces
 11337 | D:9      | Identified the amulet "Usif" {Reflect SH+3 Stlth+} (You bought it in a shop on level 9 of the Dungeon)
 11364 | D:9      | Found Leoqyhi's Weapon Shop.
 11726 | D:9      | Reached ** piety under Okawaru
 11814 | D:9      | Noticed Grum
 11876 | D:9      | Killed Grum
 12023 | D:9      | Found a basalt altar of Yredelemnul.
 12023 | D:9      | Found a snail-covered altar of Cheibriados.
 12064 | D:9      | Found Jeofiasm's Magic Scroll Shop.
 12073 | D:9      | Bought a scroll of identify for 26 gold pieces
 12073 | D:9      | Bought a scroll of teleportation for 39 gold pieces
 12073 | D:9      | Bought a scroll of teleportation for 39 gold pieces
 12453 | D:10     | Entered Level 10 of the Dungeon
 12559 | D:10     | Reached *** piety under Okawaru
 12647 | D:10     | Found Wiw Likehu's Assorted Antiques.
 12655 | D:10     | Bought a brass wand for 112 gold pieces
 12964 | D:10     | Reached XP level 11. HP: 64/64 MP: 7/14
 12975 | D:10     | Found a staircase to the Orcish Mines.
 13221 | D:10     | Found a staircase to the Lair.
 13252 | D:10     | Noticed Leibowitz's ghost (novice DgEn)
 13273 | D:10     | Killed Leibowitz's ghost
 13656 | D:10     | Reached **** piety under Okawaru
 13738 | D:10     | Lost mutation: You are dopey. (Int -2) [mutagenic meat]
 13985 | D:11     | Reached skill level 5 in Fighting
 14007 | D:11     | Noticed a hill giant
 14023 | D:11     | Killed a hill giant
 14023 | D:11     | Received a gift from Okawaru
 14887 | Lair:1   | Entered Level 1 of the Lair of Beasts
 15130 | Lair:1   | Noticed a seven-headed hydra
 15178 | Lair:1   | Killed a seven-headed hydra
 15178 | Lair:1   | Reached ***** piety under Okawaru
 15379 | Lair:1   | Noticed a six-headed hydra
 15618 | Lair:1   | Noticed Sonja
 15675 | Lair:1   | Noticed an eight-headed hydra
 15775 | Lair:2   | Got a distressingly furry chain mail
 15786 | Lair:2   | Identified the +3 chain mail of the Fifty Eyes {SInv} (You found it on level 2 of the Lair of Beasts)
 15820 | Lair:2   | Noticed a death yak
 15864 | Lair:2   | HP: 6/120 [poisoned by a killer bee]
 15884 | Lair:2   | HP: 4/120 [water moccasin (3)]
 16074 | Lair:2   | Reached XP level 12. HP: 80/87 MP: 11/15
 16087 | Lair:2   | Reached skill level 10 in Fighting
 16286 | Lair:2   | Noticed a death yak
 16287 | Lair:2   | Noticed a death yak
 16313 | Lair:2   | Killed a death yak
 16323 | Lair:2   | Noticed a death yak
 16332 | Lair:2   | Killed a death yak
 16339 | Lair:2   | Noticed a death yak
 16348 | Lair:2   | Killed a death yak
 16375 | Lair:1   | Killed a death yak
 16502 | Lair:1   | Received a gift from Okawaru
 16562 | Lair:1   | Reached skill level 1 in Shields
 16678 | Lair:2   | Noticed an eight-headed hydra
 17017 | Lair:2   | Learned a level 2 spell: Repel Missiles
 17020 | Lair:2   | Learned a level 2 spell: Swiftness
 17135 | Lair:2   | Killed an eight-headed hydra
 17508 | Lair:2   | Killed a death yak
 17790 | Lair:3   | Found a staircase to the Snake Pit.
 17871 | Lair:3   | Noticed Fannar
 17914 | Lair:3   | Killed Fannar
 17944 | Lair:3   | Found a staircase to the Shoals.
 18002 | Lair:3   | Reached ****** piety under Okawaru
 18231 | Lair:3   | Reached XP level 13. HP: 92/99 MP: 12/15
 18561 | Lair:3   | Noticed Urug
 18640 | Lair:3   | Killed Urug
 18640 | Lair:3   | Received a gift from Okawaru
 18976 | Lair:4   | Got a translucent scale mail
 18999 | Lair:4   | Identified the +5 scale mail of Joisu {rF+} (You found it on level 4 of the Lair of Beasts)
 19393 | Lair:4   | Reached skill level 1 in Hexes
 19393 | Lair:4   | Reached skill level 1 in Invocations
 19680 | Lair:5   | Slain by an eight-headed hydra

Skill      XL: |  1  2  3  4  5  6  7  8  9 10 11 12 13 |
---------------+----------------------------------------+-----
Long Blades    | 3 4 5 6 7 8 10 12 13 14 | 14.0
Dodging        | 2 3 4 5 7 9 11 12 13 14 | 14.0
Fighting       | 9 13 | 13.0
Shields        | 4 |  4.1
Hexes          | 2 |  2.4
Invocations    | 3 |  3.0
Armour         | |  0.8
Spellcasting   | |  2.4
Charms         | |  3.6

Action                   |  1- 3 |  4- 6 |  7- 9 | 10-12 | 13-15 || total
-------------------------+-------+-------+-------+-------+-------++-------
Melee: Falchion          |   145 |     7 |    47 |       |       ||   199
       Dagger            |     9 |   161 |   257 |    89 |    19 ||   535
       Kick              |       |       |    78 |    36 |       ||   114
       Scimitar          |       |       |   148 |   749 |   107 ||  1004
 Cast: Infusion          |    16 |    13 |    24 |    13 |     1 ||    67
       Shroud of Golubri |       |     5 |    10 |    12 |       ||    27
       Spectral Weapon   |       |     1 |     1 |    51 |    10 ||    63
       Song of Slaying   |       |     1 |       |       |       ||     1
Evoke: Wand              |       |       |     6 |     9 |       ||    15
       Lamp of fire      |       |       |       |     2 |       ||     2
  Use: Scroll            |     7 |     5 |     7 |     9 |     2 ||    30
       Potion            |       |     1 |     1 |     5 |       ||     7
 Stab: Sleeping          |       |       |       |     9 |     2 ||    11
       Confused          |       |       |       |     4 |       ||     4
       Distracted        |       |       |       |     6 |     2 ||     8
       Invisible         |       |       |       |     4 |       ||     4
  Eat: Chunk             |     3 |     9 |    34 |    26 |     4 ||    76
       Beef jerky        |       |       |       |     2 |     1 ||     3
Armor: Leather armour    |    40 |    24 |    53 |     8 |       ||   125
       Skin              |       |     5 |    21 |    42 |       ||    68
       Robe              |       |       |       |    16 |       ||    16
       Troll leather arm |       |       |       |    15 |    22 ||    37
Dodge: Dodged            |   106 |   110 |   309 |   505 |    96 ||  1126
Block: Other             |       |       |       |    63 |       ||    63
       Reflection        |       |       |       |     1 |     5 ||     6
       Buckler           |       |       |       |    71 |    56 ||   127
       Rpst.: Falchion   |    28 |     3 |     5 |       |       ||    36
       Scimitar          |       |       |    39 |   142 |    12 ||   193

Table legend:
 A = Turns spent in this place as a percentage of turns spent in the entire game.
 B = Non-inter-level travel turns spent in this place as a percentage of non-inter-level travel turns spent in the entire game.
 C = Inter-level travel turns spent in this place as a percentage of turns spent in this place.
 D = Turns resting spent in this place as a percentage of non-inter-level travel turns spent in this place.
 E = Turns spent auto-exploring this place as a percentage of non-inter-level travel turns spent in this place.
 F = Non-inter-level travel turns spent in this place divided by the number of levels of this place that you've seen.
                   A       B       C       D       E      F
               +-------+-------+-------+-------+-------+----------------------
         Total | 100.0 | 100.0 |   0.5 |   6.1 |   8.5 | 332.9
       Dungeon |  71.0 |  71.0 |   0.5 |   6.2 |   9.0 | 365.3
        Temple |   0.5 |   0.5 |   3.2 |   0.0 |  90.0 |  30.0
          Lair |  28.5 |  28.5 |   0.4 |   5.8 |   5.8 | 322.4
               +-------+-------+-------+-------+-------+----------------------

Table legend:
 A = Kills in this place as a percentage of kills in entire the game.
 B = Kills by you in this place as a percentage of kills by you in the entire game.
 C = Kills by friends in this place as a percentage of kills by friends in the entire game.
 D = Other kills in this place as a percentage of other kills in the entire game.
 E = Experience gained in this place as a percentage of experience gained in the entire game.
 F = Experience gained in this place divided by the number of levels of this place that you have seen.
                   A       B       C       D       E      F
               +-------+-------+-------+-------+-------+----------------------
         Total | 100.0 | 100.0 | 100.0 | 100.0 | 100.0 | 2714.6
       Dungeon |  74.4 |  74.5 |   0.0 | 100.0 |  34.7 | 1454.3
          Lair |  25.6 |  25.5 | 100.0 |   0.0 |  65.3 | 6030.2
               +-------+-------+-------+-------+-------+----------------------
